TOP OF THE 1ST |
Mercer Island Screaming Eagles batting - Pitching for Casper Ghosts : RHP Wallace Elgie
|
Pitching: RHP Wallace Elgie
|
|
Batting: RHB Ted Cook
|
0-0: Swinging Strike 0-1: Ball 1-1: SINGLE (Line Drive, 8LS)
|
Batting: LHB Gregg Young
|
0-0: Ball 1-0: Called Strike 1-1: SINGLE (Groundball, 4MD) Ted Cook to second
|
Batting: RHB Jason Ruffin
|
0-0: Foul Ball, location: 2F 0-1: Foul Ball, location: 2F 0-2: Foul Ball, location: 2F 0-2: Ball 1-2: Ball 2-2: Fly out, F8 (Line Drive, 8RM)
|
Batting: RHB Luis Antonio Hernández
|
0-0: Ball 1-0: Ball 2-0: Ball 3-0: Base on Balls Ted Cook to third Gregg Young to second
|
Batting: LHB Jorge Pérez
|
0-0: Called Strike 0-1: Ball 1-1: Foul Ball, location: 2F 1-2: Foul Ball, location: 2F 1-2: Ball 2-2: DOUBLE (Flyball, 78XD) Ted Cook scores Gregg Young scores Luis Antonio Hernández to third Runner from 3rd tries for Home, SAFE, throw made home
|
Batting: RHB Shawn McCormack
|
0-0: Called Strike 0-1: Ball 1-1: Foul Ball, location: 2F 1-2: Ball 2-2: Ball 3-2: Foul Ball, location: 2F 3-2: Base on Balls
|
Batting: RHB Mario Blanco
|
0-0: Ball 1-0: Ball 2-0: Ball 3-0: Called Strike 3-1: Foul Ball, location: 2F 3-2: Strikes out looking
|
Batting: SHB Andrew Baker
|
0-0: Called Strike 0-1: Swinging Strike 0-2: Foul Ball, location: 2F 0-2: Foul Ball, location: 2F 0-2: Ball 1-2: Fly out, F1 (Popup, 13)
|
Top of the 1st over - 3 run(s), 3 hit(s), 0 error(s), 2 left on base; Mercer Island 3 - Casper 0 |
BOTTOM OF THE 1ST |
Casper Ghosts batting - Pitching for Mercer Island Screaming Eagles : LHP Juan Méndez
|
Pitching: LHP Juan Méndez
|
|
Batting: SHB Tim Fowler
|
0-0: Ball 1-0: Swinging Strike 1-1: Foul Ball, location: 2F 1-2: Ball 2-2: Ground out 6-3 (Groundball, 6)
|
Batting: RHB Warner Robinson
|
0-0: Bunt for hit - play at first, batter OUT! 1-3
|
Batting: RHB Phil Baker
|
0-0: Ball 1-0: Foul Ball, location: 2F 1-1: Ball 2-1: Ground out 1-3 (Groundball, 15)
|
Bottom of the 1st over - 0 run(s), 0 hit(s), 0 error(s), 0 left on base; Mercer Island 3 - Casper 0 |
TOP OF THE 2ND |
Mercer Island Screaming Eagles batting - Pitching for Casper Ghosts : RHP Wallace Elgie
|
Batting: RHB Alan Rosales
|
0-0: Called Strike 0-1: Ground out 6-3 (Groundball, 6)
|
Batting: RHB Ted Cook
|
0-0: Ball 1-0: Called Strike 1-1: Swinging Strike 1-2: Ball 2-2: Strikes out swinging
|
Batting: LHB Gregg Young
|
0-0: Called Strike 0-1: Ball 1-1: Fly out, F8 (Flyball, 8RM)
|
Top of the 2nd over - 0 run(s), 0 hit(s), 0 error(s), 0 left on base; Mercer Island 3 - Casper 0 |
BOTTOM OF THE 2ND |
Casper Ghosts batting - Pitching for Mercer Island Screaming Eagles : LHP Juan Méndez
|
Batting: RHB Ron Coffman
|
0-0: Ball 1-0: Foul Ball, location: 2F 1-1: Ground out 2-3 (Groundball, 23)
|
Batting: SHB Erjan Kerstens
|
0-0: Foul Ball, location: 2F 0-1: Foul Ball, location: 2F 0-2: Ball 1-2: Ball 2-2: Ball 3-2: Foul Ball, location: 2F 3-2: SINGLE (Flyball, 8RS)
|
Batting: RHB Anbrosio Oppenes
|
0-0: Fielders Choice at 2nd, 2-6 (Groundball, 2R)
|
Batting: LHB Harrison Jones
|
0-0: Ground out 1-3 (Groundball, 13)
|
Bottom of the 2nd over - 0 run(s), 1 hit(s), 0 error(s), 1 left on base; Mercer Island 3 - Casper 0 |
TOP OF THE 3RD |
Mercer Island Screaming Eagles batting - Pitching for Casper Ghosts : RHP Wallace Elgie
|
Batting: RHB Jason Ruffin
|
0-0: Called Strike 0-1: Ball 1-1: Ball 2-1: Fly out, F8 (Popup, 6MD)
|
Batting: RHB Luis Antonio Hernández
|
0-0: Ball 1-0: Called Strike 1-1: Ball 2-1: Ground out 5-3 (Groundball, 5L)
|
Batting: LHB Jorge Pérez
|
0-0: Called Strike 0-1: Foul Ball, location: 2F 0-2: Foul Ball, location: 2F 0-2: Strikes out swinging
|
Top of the 3rd over - 0 run(s), 0 hit(s), 0 error(s), 0 left on base; Mercer Island 3 - Casper 0 |
BOTTOM OF THE 3RD |
Casper Ghosts batting - Pitching for Mercer Island Screaming Eagles : LHP Juan Méndez
|
Batting: RHB Roberto De La Cruz
|
0-0: Ground out 6-3 (Groundball, 6M)
|
Batting: LHB Jim Unknown
|
0-0: Ball 1-0: Ball 2-0: Foul Ball, location: 2F 2-1: Ball 3-1: Ground out 4-3 (Groundball, 4)
|
Batting: SHB Tim Fowler
|
0-0: Called Strike 0-1: Ground out 6-3 (Groundball, 56)
|
Bottom of the 3rd over - 0 run(s), 0 hit(s), 0 error(s), 0 left on base; Mercer Island 3 - Casper 0 |
TOP OF THE 4TH |
Mercer Island Screaming Eagles batting - Pitching for Casper Ghosts : RHP Wallace Elgie
|
Batting: RHB Shawn McCormack
|
0-0: Ball 1-0: Ball 2-0: Bunt missed! 2-1: Ball 3-1: SINGLE (Line Drive, 89S)
|
Batting: RHB Mario Blanco
|
0-0: Foul Ball, location: 2F 0-1: Foul Ball, location: 2F 0-2: Strikes out looking
|
Batting: SHB Andrew Baker
|
0-0: Foul Ball, location: 2F 0-1: Grounds into double play, 1-6-3 (Groundball, 13S)
|
Top of the 4th over - 0 run(s), 1 hit(s), 0 error(s), 0 left on base; Mercer Island 3 - Casper 0 |
BOTTOM OF THE 4TH |
Casper Ghosts batting - Pitching for Mercer Island Screaming Eagles : LHP Juan Méndez
|
Batting: RHB Warner Robinson
|
0-0: Ball 1-0: Bunted foul 1-1: Ball 2-1: Ball 3-1: Called Strike 3-2: Base on Balls
|
Batting: RHB Phil Baker
|
0-0: Called Strike 0-1: Fly out, F9 (Flyball, 9LM)
|
Batting: RHB Ron Coffman
|
0-0: Called Strike 0-1: Fly out, F8 (Flyball, 8LM)
|
Batting: SHB Erjan Kerstens
|
0-0: Ball 1-0: Foul Ball, location: 2F 1-1: Ball 2-1: Foul Ball, location: 2F 2-2: Ball 3-2: SINGLE (Line Drive, 56D) Warner Robinson to second Warner Robinson to third
|
Batting: RHB Anbrosio Oppenes
|
0-0: Ball 1-0: Ground out 5-3 (Groundball, 56S)
|
Bottom of the 4th over - 0 run(s), 1 hit(s), 0 error(s), 2 left on base; Mercer Island 3 - Casper 0 |
TOP OF THE 5TH |
Mercer Island Screaming Eagles batting - Pitching for Casper Ghosts : RHP Wallace Elgie
|
Batting: RHB Alan Rosales
|
0-0: Called Strike 0-1: Swinging Strike 0-2: Strikes out swinging
|
Batting: RHB Ted Cook
|
0-0: Foul Ball, location: 2F 0-1: Ground out 5-3 (Groundball, 56S)
|
Batting: LHB Gregg Young
|
0-0: Ball 1-0: SINGLE (Line Drive, 4D)
|
Batting: RHB Jason Ruffin
|
0-0: Called Strike 0-1: Fly out, F9 (Flyball, 89M)
|
Top of the 5th over - 0 run(s), 1 hit(s), 0 error(s), 1 left on base; Mercer Island 3 - Casper 0 |
BOTTOM OF THE 5TH |
Casper Ghosts batting - Pitching for Mercer Island Screaming Eagles : LHP Juan Méndez
|
Batting: LHB Harrison Jones
|
0-0: Called Strike 0-1: Foul Ball, location: 2F 0-2: Ball 1-2: SINGLE (Groundball, 6MD)
|
Batting: RHB Roberto De La Cruz
|
0-0: Ball 1-0: Bunted foul 1-1: Bunted foul 1-2: Foul Ball, location: 2F 1-2: Foul Ball, location: 2F 1-2: Foul Ball, location: 2F 1-2: SINGLE (Line Drive, 56) Harrison Jones to second
|
Batting: LHB Jim Unknown
|
0-0: Ground out 4-3 (Groundball, 13) Harrison Jones to third Roberto De La Cruz to second
|
Batting: SHB Tim Fowler
|
0-0: Ball 1-0: Foul Ball, location: 2F 1-1: Ball 2-1: Ground out 2-3 (Groundball, 2R)
|
Batting: RHB Warner Robinson
|
0-0: Called Strike 0-1: Ball 1-1: Foul Ball, location: 2F 1-2: Ball 2-2: SINGLE (Line Drive, 34D) Harrison Jones scores Roberto De La Cruz to third
|
Batting: RHB Phil Baker
|
0-0: Called Strike 0-1: Called Strike 0-2: Strikes out swinging
|
Bottom of the 5th over - 1 run(s), 3 hit(s), 0 error(s), 2 left on base; Mercer Island 3 - Casper 1 |
TOP OF THE 6TH |
Mercer Island Screaming Eagles batting - Pitching for Casper Ghosts : RHP Wallace Elgie
|
Batting: RHB Luis Antonio Hernández
|
0-0: DOUBLE (Line Drive, 7LS)
|
Batting: LHB Jorge Pérez
|
0-0: Ball 1-0: Foul Ball, location: 2F 1-1: Ground out 2-3 (Groundball, 2R) Luis Antonio Hernández to third
|
Batting: RHB Shawn McCormack
|
0-0: Fly out, F8 (Flyball, 8RM) Runner from 3rd tags up, SCORES, throw made
|
Batting: RHB Mario Blanco
|
0-0: Ball 1-0: SINGLE (Groundball, 34)
|
Batting: SHB Andrew Baker
|
0-0: Swinging Strike 0-1: Swinging Strike 0-2: Ball 1-2: Foul Ball, location: 2F 1-2: Foul Ball, location: 2F 1-2: Ball Mario Blanco is caught stealing 2nd base
|
Top of the 6th over - 1 run(s), 2 hit(s), 0 error(s), 0 left on base; Mercer Island 4 - Casper 1 |
BOTTOM OF THE 6TH |
Casper Ghosts batting - Pitching for Mercer Island Screaming Eagles : LHP Juan Méndez
|
Batting: RHB Ron Coffman
|
0-0: Called Strike 0-1: SINGLE (Groundball, 56D)
|
Batting: SHB Erjan Kerstens
|
0-0: Foul Ball, location: 2F 0-1: Ball 1-1: Foul Ball, location: 2F 1-2: Fly out, F3 (Popup, 3F)
|
Batting: RHB Anbrosio Oppenes
|
0-0: Grounds into double play, 6-4-3 (Groundball, 56)
|
Bottom of the 6th over - 0 run(s), 1 hit(s), 0 error(s), 0 left on base; Mercer Island 4 - Casper 1 |
TOP OF THE 7TH |
Mercer Island Screaming Eagles batting - Pitching for Casper Ghosts : RHP Wallace Elgie
|
Batting: SHB Andrew Baker
|
0-0: Ball 1-0: Ball 2-0: Foul Ball, location: 2F 2-1: Ground out 6-3 (Groundball, 6M)
|
Batting: RHB Alan Rosales
|
0-0: Ball 1-0: Ball 2-0: Called Strike 2-1: SOLO HOME RUN (Flyball, 7D), Distance : 401 ft
|
Pitching: RHP Álex López
|
|
Batting: RHB Ted Cook
|
0-0: Ball 1-0: Ball 2-0: Called Strike 2-1: SINGLE (Groundball, 6MD)
|
Batting: LHB Gregg Young
|
0-0: Ball 1-0: Called Strike 1-1: Ball 2-1: DOUBLE (Line Drive, 9LD) Ted Cook to third
|
Batting: RHB Jason Ruffin
|
0-0: Foul Ball, location: 2F 0-1: Ball 1-1: Foul Ball, location: 2F 1-2: DOUBLE (Line Drive, 7D) Ted Cook scores Gregg Young scores
|
Batting: RHB Luis Antonio Hernández
|
0-0: Called Strike 0-1: Ball 1-1: Fly out, F8 (Flyball, 89M)
|
Batting: LHB Jorge Pérez
|
0-0: Called Strike 0-1: Ball 1-1: Ball 2-1: Swinging Strike 2-2: SINGLE (Flyball, 6MD) Jason Ruffin to third Runner from 3rd tries for Home, SAFE, no throw or cutoff
|
Pitching: LHP Terry Dwyer
|
|
Batting: RHB Shawn McCormack
|
0-0: Called Strike 0-1: Foul Ball, location: 2F 0-2: Ball 1-2: Fly out, F3 (Popup, 3F)
|
Top of the 7th over - 4 run(s), 5 hit(s), 0 error(s), 1 left on base; Mercer Island 8 - Casper 1 |
BOTTOM OF THE 7TH |
Casper Ghosts batting - Pitching for Mercer Island Screaming Eagles : LHP Juan Méndez
|
Batting: LHB Harrison Jones
|
0-0: Called Strike 0-1: Ball 1-1: Bunt for hit - play at first, batter OUT! 1-3
|
Batting: RHB Roberto De La Cruz
|
0-0: Ball 1-0: Fly out, F4 (Popup, 3)
|
Batting: LHB Jim Unknown
|
0-0: Called Strike 0-1: TRIPLE (Line Drive, 6MD)
|
Batting: SHB Tim Fowler
|
0-0: Ball 1-0: Swinging Strike 1-1: Foul Ball, location: 2F 1-2: Ball 2-2: Ball 3-2: Foul Ball, location: 2F 3-2: Fly out, F9 (Flyball, 89S)
|
Bottom of the 7th over - 0 run(s), 1 hit(s), 0 error(s), 1 left on base; Mercer Island 8 - Casper 1 |
TOP OF THE 8TH |
Mercer Island Screaming Eagles batting - Pitching for Casper Ghosts : LHP Terry Dwyer
|
Batting: RHB Mario Blanco
|
0-0: Ball 1-0: Ball 2-0: Ball 3-0: Called Strike 3-1: Base on Balls
|
Batting: SHB Andrew Baker
|
0-0: Ball Mario Blanco steals 2nd base 1-0: Foul Ball, location: 2F 1-1: Ball 2-1: Called Strike 2-2: Ball Wild Pitch! Mario Blanco to third 3-2: Base on Balls
|
Batting: RHB Alan Rosales
|
0-0: Ball 1-0: Foul Ball, location: 2F 1-1: Ball 2-1: Ball 3-1: Base on Balls Andrew Baker to second
|
Batting: RHB Ted Cook
|
0-0: Called Strike 0-1: Fly out, F8 (Flyball, 8RM) Runner from 3rd tags up, SCORES, no throw
|
Batting: LHB Gregg Young
|
0-0: Ball 1-0: Ball 2-0: Called Strike 2-1: Called Strike 2-2: Ball 3-2: Base on Balls Andrew Baker to third Alan Rosales to second
|
Batting: RHB Jason Ruffin
|
0-0: Called Strike 0-1: Called Strike 0-2: Foul Ball, location: 2F 0-2: Foul Ball, location: 2F 0-2: Foul Ball, location: 2F Reached via error on a dropped throw, E4 Andrew Baker scores Alan Rosales to third Gregg Young to second
|
Batting: RHB Luis Antonio Hernández
|
0-0: Ball 1-0: Ball 2-0: Called Strike 2-1: Reached on error, E5 (Groundball, 6S) Alan Rosales scores Gregg Young scores Jason Ruffin to third
|
Pinch Hitting: RHB P.J. O'Keefe
|
0-0: Ball 1-0: Called Strike 1-1: Swinging Strike 1-2: Foul Ball, location: 2F 1-2: Ball 2-2: Ball 3-2: Foul Ball, location: 2F 3-2: Base on Balls
|
Batting: RHB Shawn McCormack
|
0-0: Ball 1-0: Ball 2-0: Swinging Strike 2-1: Ball 3-1: Foul Ball, location: 2F 3-2: Base on Balls Jason Ruffin scores Luis Antonio Hernández to third P.J. O'Keefe to second
|
Pitching: RHP Ethan Martin
|
|
Batting: RHB Mario Blanco
|
0-0: Called Strike 0-1: Called Strike 0-2: Fly out, F7 (Line Drive, 78M) Runner from 3rd tags up, SCORES, throw made
|
Batting: SHB Andrew Baker
|
0-0: Ball 1-0: Ball 2-0: Fly out, F8 (Line Drive, 8RD)
|
Top of the 8th over - 6 run(s), 0 hit(s), 2 error(s), 2 left on base; Mercer Island 14 - Casper 1 |
BOTTOM OF THE 8TH |
Casper Ghosts batting - Pitching for Mercer Island Screaming Eagles : LHP Juan Méndez
|
Now at 2B: P.J. O'Keefe
|
|
Batting: RHB Warner Robinson
|
0-0: Ball 1-0: Fly out, F9 (Popup, 9LS)
|
Batting: RHB Phil Baker
|
0-0: Ball 1-0: Foul Ball, location: 2F 1-1: Fly out, F8 (Line Drive, 8RM)
|
Batting: RHB Ron Coffman
|
0-0: Ball 1-0: Ball 2-0: Ball 3-0: Base on Balls
|
Pinch Hitting: RHB Lorenzo Díaz
|
0-0: Called Strike 0-1: Ball 1-1: Ball 2-1: Fly out, F8 (Flyball, 8LM)
|
Bottom of the 8th over - 0 run(s), 0 hit(s), 0 error(s), 1 left on base; Mercer Island 14 - Casper 1 |
TOP OF THE 9TH |
Mercer Island Screaming Eagles batting - Pitching for Casper Ghosts : RHP Ethan Martin
|
Now at SS: Lorenzo Díaz
|
|
Batting: RHB Alan Rosales
|
0-0: Called Strike 0-1: Swinging Strike 0-2: Ball 1-2: Foul Ball, location: 2F Single, Error in OF, E7, batter to second base
|
Batting: RHB Ted Cook
|
0-0: Foul Ball, location: 2F 0-1: Ball 1-1: Foul Ball, location: 2F 1-2: Strikes out swinging
|
Batting: LHB Gregg Young
|
0-0: Foul Ball, location: 2F 0-1: Ball 1-1: Ball Wild Pitch! Alan Rosales to third 2-1: Ground out 4-3 (Groundball, 4) Alan Rosales scores
|
Batting: RHB Jason Ruffin
|
0-0: Ball 1-0: Ball 2-0: Ball 3-0: Swinging Strike 3-1: Base on Balls
|
Batting: RHB Luis Antonio Hernández
|
0-0: Called Strike 0-1: SINGLE (Line Drive, 5D) Jason Ruffin to second
|
Batting: RHB P.J. O'Keefe
|
0-0: Fly out, F9 (Flyball, 9LM)
|
Top of the 9th over - 1 run(s), 2 hit(s), 1 error(s), 2 left on base; Mercer Island 15 - Casper 1 |
BOTTOM OF THE 9TH |
Casper Ghosts batting - Pitching for Mercer Island Screaming Eagles : LHP Juan Méndez
|
Batting: RHB Anbrosio Oppenes
|
0-0: SINGLE (Flyball, 78S) - OUT at second base trying to stretch hit.
|
Batting: LHB Harrison Jones
|
0-0: Ball 1-0: Ball 2-0: Ball 3-0: Base on Balls
|
Batting: RHB Roberto De La Cruz
|
0-0: Ball 1-0: Swinging Strike 1-1: Ball 2-1: Ball 3-1: Fly out, F7 (Flyball, 7S)
|
Batting: LHB Jim Unknown
|
0-0: Ball 1-0: Swinging Strike 1-1: Ball 2-1: Ball 3-1: Foul Ball, location: 2F 3-2: Foul Ball, location: 2F 3-2: Strikes out swinging
|
Bottom of the 9th over - 0 run(s), 1 hit(s), 0 error(s), 1 left on base; Mercer Island 15 - Casper 1 |
|